 Dungeon Crawl Stone Soup version 0.30.1-9-gdf580d7c3d (webtiles) character file.

Game seed: 322853988510687036

2 monsoonserge the Grasshopper (level 1, 0/16 HPs)
             Began as a Demonspawn Warper on Sept 29, 2023.
             Slain by a goblin
             ... wielding a +0 club
              (2 damage)
             ... on level 1 of the Dungeon.
             The game lasted 00:00:24 (61 turns).

monsoonserge the Grasshopper (Demonspawn Warper)      Turns: 61, Time: 00:00:24

Health: 0/16       AC:  3    Str: 11    XL:     1   Next: 25%
Magic:  3/3        EV: 11    Int: 14    God:
Gold:   0          SH:  0    Dex: 12    Spells: 4/4 levels left

rFire   . . .        a - +0 falchion
rCold   . . .        (no shield)
rNeg    . . .        b - +0 leather armour
rPois   .            (no helmet)
rElec   .            (no cloak)
rCorr   .            (no gloves)
SInv    .            (no boots)
Will    .....        (no amulet)
Stlth   +            (no ring)
HPRegen 0.22/turn    (no ring)
MPRegen 0.08/turn

%: no passive effects
@: no status effects
A: no striking features
a: no special abilities


You were on level 1 of the Dungeon.
You visited 1 branch of the dungeon, and saw 1 of its levels.

Inventory:

Hand Weapons
 a - a +0 falchion (weapon)
Missiles
 d - 7 boomerangs of dispersal (quivered)
 e - 2 javelins
Armour
 b - a +0 leather armour (worn)
Scrolls
 c - a scroll of blinking


   Skills:
 + Level 2.0 Fighting
 + Level 1.7 Long Blades
 + Level 0.8 Throwing
 + Level 0.8 Armour
 + Level 1.7 Dodging
 - Level 2.0 Spellcasting
 + Level 2.8 Translocations


You had 4 spell levels left.
You didn't know any spells.
Your spell library contained the following spells:

 Spells                   Type           Power      Damage    Failure   Level
 Blink                    Tloc           18%        N/A       14%         2
 Lesser Beckoning         Tloc           18%        N/A       14%         2
 Teleport Other           Tloc           9%         N/A       28%         3
 Necrotise                Necr           4%         1d4       30%         1
 Vhi's Electric Charge    Tloc/Air       10%        N/A       45%         3
 Vampiric Draining        Necr           1%         2d6       67%         3
 Manifold Assault         Tloc           9%         N/A       67%         4
 Agony                    Necr           1%         N/A       100%        5


Dungeon Overview and Level Annotations

Branches:
Dungeon (1/15)

Altars:


Message History

The ball python misses you. The ball python grabs you.
The ball python constricts you. The bat hits you.
The goblin hits you but does no damage. The ball python barely misses you.
The ball python constricts you.
You hit the goblin.
The goblin is heavily wounded.
The bat hits you. The ball python bites you. The ball python constricts you.
The goblin barely misses you.
You escape the ball python's grasp.
The goblin attacks as you move away! The goblin hits you with a +0 club.
The bat hits you but does no damage.
You slash the bat!
You kill the bat!
A ball python comes into view.
The ball python bites you but does no damage.
The ball python grabs you. The ball python constricts you.
You closely miss the ball python.
The ball python hisses angrily.
The ball python barely misses you. The ball python constricts you.
You closely miss the ball python. The ball python completely misses you.
The ball python constricts you.
A frilled lizard comes into view.
The ball python bites you but does no damage.
The ball python constricts you.
You closely miss the ball python.
The frilled lizard hisses angrily.
The ball python bites you.
* * * LOW HITPOINT WARNING * * *
The ball python constricts you.
* * * LOW HITPOINT WARNING * * *
You closely miss the ball python. The ball python loses its grip on you.
You slash the ball python!
You kill the ball python!
The goblin completely misses you.
You hit the goblin.
The goblin is severely wounded.
The goblin hits you but does no damage.
You closely miss the goblin.
The goblin is severely wounded.
The goblin closely misses you. The goblin hits you with a +0 club.
You die... ######## ##......# ........# ........# ........# ######### ........# #PPPPPPPP ........### ###PPPPPPPP

...!...Sg@### #..PPPPP...
.......l#...####.#PPP..PPP
........###......#PP.PPP..
...###### ###.##..PP.PP.PP
.. #...##..P.PP.PP. .
........)..P.PP.P
...#######...P.P.PP ##
##P.P.PP.P


#P.PP.PP. You could see a goblin, a ball python and a frilled lizard.

Vanquished Creatures
  A ball python (D:1)
  A bat (D:1)
  A kobold (D:1)
3 creatures vanquished.

Notes
Turn   | Place    | Note
-------+----------+-------------------------------------------
     0 | D:1      | monsoonserge the Demonspawn Warper began the quest for the
                  | Orb.
     0 | D:1      | Reached XP level 1. HP: 16/16 MP: 3/3
    61 | D:1      | Slain by a goblin

Illustrated notes

Levels and vault maps discovered:
D:1:      roderic_crop_circles_arrival_small, layout_rooms,
          shapermc_ecumenical_altar_flowoftime

Action                     || total
---------------------------++-------
  Melee: Falchion          ||    15
 Armour: Leather armour    ||    13
  Dodge: Dodged            ||     8
